 Dungeon Crawl Stone Soup version 0.22.0-38-g04b72b8c25 (webtiles) character file.

104 KamiKatze the Chopper (level 5, -1/36 HPs)
             Began as a Halfling Berserker on Aug 27, 2018.
             Was a Believer of Trog.
             Slain by an orc priest
             ... wielding a +0 dagger
              (5 damage)
             ... on level 3 of the Dungeon.
             The game lasted 00:06:40 (2068 turns).

KamiKatze the Chopper (Halfling Berserker)          Turns: 2068, Time: 00:06:41

Health: -1/36      AC:  7    Str: 19    XL:     5   Next: 7%
Magic:  5/5        EV: 14    Int:  5    God:    Trog [**....]
Gold:   152        SH:  0    Dex: 14    Spells: 4/4 levels left

rFire    . . .     SeeInvis .   a - +0 hand axe
rCold    . . .     Gourm    +   (shield restricted)
rNeg     . . .     Faith    .   n - +0 ring mail
rPois    .         Spirit   .   (no helmet)
rElec    .         Reflect  .   (no cloak)
rCorr    .         Harm     .   l - +0 pair of gloves
MR       .....                  p - +0 pair of boots
Stlth    +.........             q - amulet of the gourmand
HPRegen  0.12/turn              (no ring)
MPRegen  0.09/turn              (no ring)

@: no status effects
A: small, mutation resistance 1
a: Berserk, Trog's Hand, Renounce Religion


You were on level 3 of the Dungeon.
You worshipped Trog.
Trog was pleased with you.
You were not hungry.

You visited 1 branch of the dungeon, and saw 3 of its levels.

You collected 152 gold pieces.

Inventory:

Hand Weapons
 a - a +0 hand axe (weapon)
 b - a +0 hunting sling
 u - a +1 whip of electrocution
Missiles
 i - 27 sling bullets
 m - 51 stones (quivered)
Armour
 f - a cursed +0 scale mail
 l - a +0 pair of gloves (worn)
 n - a +0 ring mail (worn)
 p - a +0 pair of boots (worn)
Jewellery
 j - an uncursed amulet of rage {unknown}
 q - an amulet of the gourmand (around neck)
 v - an uncursed ring of poison resistance {unknown}
Scrolls
 o - a scroll of identify {unknown}
 r - a scroll of fog {unknown}
 s - a scroll of noise {unknown}
Potions
 d - a potion of heal wounds {unknown}
 e - 2 potions of cancellation {unknown}
 g - a potion of lignification {unknown}
 h - a potion of might {unknown}
 k - 2 potions of brilliance {unknown}
 t - a potion of haste {unknown}
 w - a potion of agility {unknown}
Comestibles
 c - 7 rations


   Skills:
 + Level 3.1 Fighting
 * Level 3.9 Axes
 + Level 2.2 Slings
 + Level 2.9 Armour
 + Level 2.9 Dodging


You had 4 spell levels left.
You didn't know any spells.
Your spell library was empty.

Dungeon Overview and Level Annotations

Branches:
Dungeon (3/15)

Altars:
Ashenzari
Dithmenos
Elyvilon
Kikubaaqudgha
Zin
The Shining One


Innate Abilities, Weirdness & Mutations

You are small and have problems with some larger weapons.
You are somewhat resistant to further mutation.


Message History

The orc priest closely misses you.
You hit the orc priest.
The orc priest is heavily wounded.
The orc priest hits you but does no damage.
You closely miss the orc priest.
The orc priest is heavily wounded.
The orc priest hits you but does no damage.
You hit the orc priest.
The orc priest is severely wounded.
The orc priest mumbles some strange prayers to Beogh against you.
Beogh smites you!
* * * LOW HITPOINT WARNING * * *
You barely miss the orc priest.
The orc priest is severely wounded.
The orc priest hits you but does no damage.
The orc priest barely misses you.
You hit the orc priest but do no damage.
The orc priest is severely wounded.
The orc priest hits you with a dagger.
You die...

# # # # .# # ########### .#
......... .#
######.#.#.#############.#
...#.....<...........<.#.#
##.#.#รท#.#.#####@#####.#.#
#.#.#.....# #o# ##.#.#
#.#.###.#.#####.####....#
#.#.# #.#.#.............#
#.#.###..o..###.####...##
#..#.##..#...##>.####.##
#.###.................#
##.#.##......#.....#..# ##
##.###.####..........# ..


You could see an orc priest.

Vanquished Creatures
  An orc priest (D:3)
  2 adders
  An ooze (D:3)
  2 worms (D:2)
  A leopard gecko (D:2)
  2 orcs (D:3)
  8 bats
  5 goblins
  6 hobgoblins
  2 frilled lizards (D:3)
  9 kobolds
  6 rats
45 creatures vanquished.

Notes
Turn   | Place    | Note
-------+----------+-------------------------------------------
     0 | D:1      | KamiKatze the Halfling Berserker began the quest for the Orb.
     0 | D:1      | Reached XP level 1. HP: 15/15 MP: 1/1
   135 | D:1      | Reached XP level 2. HP: 10/20 MP: 2/2
   737 | D:1      | Found a glowing golden altar of the Shining One.
  1013 | D:2      | Reached XP level 3. HP: 20/25 MP: 3/3
  1084 | D:2      | Reached skill level 1 in Slings
  1084 | D:2      | Reached ** piety under Trog
  1201 | D:2      | Found a glowing silver altar of Zin.
  1201 | D:2      | Found a shattered altar of Ashenzari.
  1202 | D:2      | Found an ancient bone altar of Kikubaaqudgha.
  1210 | D:2      | Found a shadowy altar of Dithmenos.
  1475 | D:2      | Reached XP level 4. HP: 20/31 MP: 4/4
  1819 | D:3      | Found a white marble altar of Elyvilon.
  1926 | D:3      | Reached XP level 5. HP: 8/36 MP: 5/5
  2068 | D:3      | Slain by an orc priest

Skill      XL: |  1  2  3  4 |
---------------+-------------+-----
Slings         | 1 2 |  2.2
Fighting       | 3 |  3.1
Axes           | |  3.9
Armour         | |  2.9
Dodging        | |  2.9

Action                   |  1- 3 |  4- 6 || total
-------------------------+-------+-------++-------
Melee: Hand axe          |   124 |    80 ||   204
 Stab: Sleeping          |     1 |       ||     1
  Eat: Chunk             |     2 |     7 ||     9
Armor: Animal skin       |     2 |       ||     2
       Robe              |     5 |       ||     5
       Ring mail         |    26 |    31 ||    57
Dodge: Dodged            |   106 |    57 ||   163
